 Dungeon Crawl Stone Soup version 0.30-a0-305-g026cb31310 (webtiles) character file.

Game seed: 7498133742984920813

6906 pokeman the Thaumaturge (level 10, 0/56 HPs)
             Began as a Deep Elf Hedge Wizard on Oct 21, 2022.
             Was an Initiate of Vehumet.
             Slain by a komodo dragon (2 damage)
             ... on level 8 of the Dungeon.
             The game lasted 00:24:23 (11692 turns).

pokeman the Thaumaturge (Deep Elf Hedge Wizard)    Turns: 11692, Time: 00:24:24

Health: 0/56       AC:  8    Str:  7    XL:     10   Next: 79%
Magic:  1/30       EV: 13    Int: 30    God:    Vehumet [......]
Gold:   518        SH:  0    Dex: 14    Spells: 19/37 levels left

rFire   . . .      SeeInvis .    E - +2 long sword (elec)
rCold   + . .      Faith    .    t - orb {light}
rNeg    . . .      Spirit   .    L - +0 steam dragon scales
rPois   .          Reflect  .    c - +0 hat
rElec   .          Harm     .    (no cloak)
rCorr   .          Rampage  .    I - +0 pair of gloves
Will    +....                    x - +0 pair of boots
Stlth   +.........               (no amulet)
HPRegen 0.29/turn                o - ring of protection from cold
MPRegen 0.22/turn                F - +6 ring of intelligence

@: slowed, glowing, very slow
A: no striking features
a: Renounce Religion


You were on level 8 of the Dungeon.
You worshipped Vehumet.
Vehumet was noncommittal.
You visited 2 branches of the dungeon, and saw 9 of its levels.

You collected 518 gold pieces.

Inventory:

Hand Weapons
 a - a +0 shortbow
 E - a +2 long sword of electrocution (weapon)
Missiles
 u - a throwing net
Armour
 c - a +0 hat (worn)
 t - an orb of light (worn)
 x - a +0 pair of boots (worn)
 G - the +0 scale mail of Dogmatism {rN+ MP+9 Str+4 Int-2}
   (You found it on level 8 of the Dungeon)

   Str:       It affects your strength (+4).
   Int:       It affects your intelligence (-2).
   rN:        It protects you from negative energy.
   MP:        It affects your magic capacity (+9).
 I - a +0 pair of gloves (worn)
 K - a +2 kite shield
 L - +0 steam dragon scales (worn)
Jewellery
 o - a ring of protection from cold (left hand)
 F - a +6 ring of intelligence (right hand)
Wands
 j - a wand of paralysis (5)
 z - a wand of flame (33)
Scrolls
 b - 2 scrolls of fog {unknown}
 e - 2 scrolls of torment {unknown}
 f - 11 scrolls of identify {unknown}
 i - a scroll of vulnerability {unknown}
 m - a scroll of magic mapping {unknown}
 n - 4 scrolls of enchant armour {unknown}
 r - 3 scrolls of fear {unknown}
 s - a scroll of silence {unknown}
 v - 6 scrolls of teleportation {unknown}
 y - a scroll of acquirement {unknown}
 C - a scroll of enchant weapon {unknown}
 D - a scroll of noise {unknown}
 H - 2 scrolls of immolation {unknown}
Potions
 d - 2 potions of magic
 g - 2 potions of flight {unknown}
 h - a potion of curing {unknown}
 l - 3 potions of mutation {unknown}
 p - a potion of brilliance {unknown}
 q - a potion of attraction {unknown}
 w - 3 potions of heal wounds
 A - 3 potions of ambrosia {unknown}
 B - a potion of invisibility {unknown}
 J - a potion of degeneration {unknown}


   Skills:
 - Level 4.0 Fighting
 - Level 4.0 Armour
 - Level 3.0 Dodging
 - Level 3.0 Stealth
 + Level 1.1 Shields
 * Level 14.2 Spellcasting
 + Level 8.2 Conjurations
 - Level 1.1 Summonings
 - Level 1.1 Translocations
 - Level 1.1 Air Magic
 + Level 7.2 Earth Magic
 - Level 1.2 Poison Magic
 - Level 1.0 Evocations


You had 19 spell levels left.
You knew the following spells:

 Your Spells              Type           Power      Damage    Failure   Level
a - Magic Dart            Conj           100%       1d8       1%          1
b - Mephitic Cloud        Conj/Pois/Air  42%        N/A       1%          3
c - Call Imp              Summ           28%        N/A       2%          2
d - Blink                 Tloc           56%        N/A       2%          2
e - Stone Arrow           Conj/Erth      100%       3d13      1%          3
f - Orb of Destruction    Conj           31%        9d10      54%         7

Your spell library contained the following spells:

 Spells                   Type           Power      Damage    Failure   Level
 Sting                    Tmut/Pois      100%       1d8       1%          1
 Slow                     Hex            84%        N/A       2%          1
 Cigotuvi's Dreadful Rot  Necr/Pois/Air  52%        N/A       2%          2
 Poisonous Vapours        Pois/Air       56%        N/A       2%          2
 Call Canine Familiar     Summ           28%        N/A       4%          3
 Vhi's Electric Charge    Tloc/Air       56%        N/A       4%          3
 Animate Armour           Summ/Erth      92%        N/A       4%          4
 Leda's Liquefaction      Hex/Erth       21%        N/A       4%          4
 Portal Projectile        Hex/Tloc       48%        N/A       5%          3
 Summon Guardian Golem    Hex/Summ       24%        N/A       5%          3
 Ozocubu's Armour         Ice            21%        N/A       7%          3
 Tukima's Dance           Hex            21%        N/A       7%          3
 Arcjolt                  Conj/Air       24%        1d34      10%         5
 Olgreb's Toxic Radiance  Pois           28%        N/A       14%         4
 Dispel Undead            Necr           21%        3d11      22%         4
 Blade Hands              Tmut           10%        N/A       54%         5
 Spellforged Servitor     Conj/Summ      24%        N/A       96%         7
 Death Channel            Necr           10%        N/A       98%         6
 Lehudib's Crystal Spear  Conj/Erth      30%        10d8      99%         8
 Ozocubu's Refrigeration  Ice            10%        4d9       100%        7
 Maxwell's Capacitive Co  Air            14%        ∞         100%        8


Dungeon Overview and Level Annotations

Branches:
Dungeon (8/15)             Temple (1/1) D:7
   Lair: D:8-11

Altars:
Ashenzari
Cheibriados
Dithmenos
Elyvilon
Fedhas
Gozag
Hepliaklqana
Kikubaaqudgha
Makhleb
Nemelex Xobeh
Okawaru
Qazlal
Sif Muna
Uskayaw
Vehumet
Wu Jian
Xom
Yredelemnul
Zin
The Shining One

Annotations:
D:8 1 runed translucent door


Message History

The wraith is heavily damaged.
The wraith hits you but does no damage.
Unknown command.
Casting: Stone Arrow (safe; 1% risk of failure)
Confirm with . or Enter, or press ? or * to list all spells.
Aiming: Stone Arrow (safe; 1% risk of failure)
Press: ? - help, Shift-Dir - straight line, f/p - komodo dragon
Aim: a komodo dragon (haloed, 88% to hit)
The stone arrow hits the wraith!
The wraith is almost destroyed.
The wraith hits you.
Unknown command.
You barely miss the wraith.
The wraith is almost destroyed.
The wraith hits you!
* * * LOW HITPOINT WARNING * * *
Unknown command.
You hit the wraith but do no damage.
The wraith is almost destroyed.
The wraith hits you.
* * * LOW HITPOINT WARNING * * *
The wraith drains your vigour!
You feel yourself slow down.
Unknown command.
Casting: Stone Arrow (safe; 1% risk of failure)
Confirm with . or Enter, or press ? or * to list all spells.
Aiming: Stone Arrow (safe; 1% risk of failure)
Press: ? - help, Shift-Dir - straight line, f/p - komodo dragon
Aim: a komodo dragon (haloed, 88% to hit)
The stone arrow hits the wraith!
You destroy the wraith!
Vehumet accepts your kill.
The komodo dragon hisses menacingly.
Your Shields skill increases to level 1!
Aiming: Paralyse
Press: ? - help, Shift-Dir - straight line, f/p - komodo dragon
Aim: a komodo dragon (haloed, chance to affect: 33%)
The komodo dragon easily resists.
The komodo dragon bites you!
* * * LOW HITPOINT WARNING * * *
The komodo dragon bites you.
You die...

....#...##....##.###.###....#####
....##.##...##....##.##..####l..#
.....#.##.##......##.##.D..W..#†#
.#.#.#.#########.##.##.#########J
...#.##..#.)#)#.##.##.#######.##D
...#..##.#.#.#..##.###.'...+.# #.
...##.##).#.#.###.#.####...### #W
...##..#.##)##.##.#.####)..## .)
...###.##..#.###@###.###.l.## ##
.#.# #..#.#.#.##l#.#.####W###
##.# ##.##..###.##.##)###D###
##.####..###.##.#)..#)###J#
#.......##.##.###.###.##.#
##..####..#.##..DWl...)##.#
.....# ##.#############..##
.....# #)#######################
.....# #........................


You could see a komodo dragon.

Vanquished Creatures
  A two-headed ogre (D:7)
  A centaur warrior (D:8)
  A wind drake (shapeshifter) (D:8)
  A hornet (D:7)
  A slime creature (D:8)
  A vampire (D:8)
  A shadow (D:8)
  A yak (D:8)
  2 wraiths (D:8)
  A steam dragon (D:7)
  An acid dragon (D:8)
  2 water moccasins
  3 orc warriors (D:8)
  An ice beast (D:6)
  A black bear (D:8)
  4 centaurs
  2 phantoms
  4 kobold brigands (D:8)
  2 bullfrogs
  2 gnoll sergeants
  5 necrophages
  4 scorpions
  13 wights
  7 killer bees
  3 hounds
  3 jellies
  2 gnoll boudas (D:8)
  2 iguanas (D:5)
  2 orc wizards
  9 gnolls
  12 adders
  3 shadow imps
  3 white imps
  3 ufetubi
  2 worms (D:2)
  2 dart slugs
  16 orcs
  6 ball pythons
  12 bats
  6 endoplasms
  7 giant cockroaches
  10 goblins
  5 hobgoblins
  2 jackals (D:2)
  4 quokkas
  3 frilled lizards
  18 kobolds
  4 rats
201 creatures vanquished.

Vanquished Creatures (collateral kills)
  A steam dragon (D:8)
  A scorpion (D:5)
  A howler monkey (D:8)
  An iguana (D:5)
  A gnoll (D:6)
5 creatures vanquished.

Grand Total: 206 creatures vanquished

Notes
Turn   | Place    | Note
-------+----------+-------------------------------------------
     0 | D:1      | pokeman the Deep Elf Hedge Wizard began the quest for the
                  | Orb.
     0 | D:1      | Reached XP level 1. HP: 10/10 MP: 7/7
   396 | D:1      | Reached XP level 2. HP: 15/15 MP: 2/9
   862 | D:1      | Reached skill level 5 in Spellcasting
  1451 | D:2      | Reached XP level 3. HP: 20/20 MP: 8/11
  1455 | D:2      | Learned a level 3 spell: Mephitic Cloud
  1458 | D:2      | Learned a level 2 spell: Call Imp
  1461 | D:2      | Learned a level 2 spell: Blink
  1799 | D:2      | Reached skill level 1 in Armour
  2076 | D:2      | Reached skill level 1 in Fighting
  2532 | D:2      | Reached XP level 4. HP: 25/25 MP: 1/13
  3065 | D:3      | Found a hide-covered altar of Uskayaw.
  4891 | D:4      | Reached skill level 6 in Spellcasting
  4891 | D:4      | Reached XP level 5. HP: 29/29 MP: 9/15
  5032 | D:4      | Noticed a water moccasin
  5040 | D:4      | Killed a water moccasin
  5041 | D:4      | Reached skill level 1 in Air Magic
  5041 | D:4      | Reached skill level 1 in Poison Magic
  5261 | D:4      | Reached XP level 6. HP: 21/34 MP: 12/17
  5460 | D:4      | Reached skill level 7 in Spellcasting
  5460 | D:4      | Reached skill level 1 in Evocations
  5656 | D:4      | Found a burning altar of Makhleb.
  5756 | D:4      | Learned a level 3 spell: Stone Arrow
  5989 | D:5      | Entered Level 5 of the Dungeon
  6158 | D:5      | Reached skill level 1 in Earth Magic
  6158 | D:5      | Reached XP level 7. HP: 31/39 MP: 17/20
  6241 | D:5      | Reached skill level 8 in Spellcasting
  6973 | D:5      | Reached skill level 9 in Spellcasting
  6973 | D:5      | Reached XP level 8. HP: 45/45 MP: 4/23
  7370 | D:5      | Learned a level 7 spell: Orb of Destruction
  7579 | D:6      | Reached skill level 5 in Conjurations
  7739 | D:6      | Reached skill level 10 in Spellcasting
  8414 | D:6      | Reached XP level 9. HP: 50/50 MP: 21/25
  8656 | D:6      | Reached skill level 11 in Spellcasting
  8940 | D:7      | Noticed a two-headed ogre
  8945 | D:7      | Killed a two-headed ogre
  8946 | D:7      | Reached skill level 5 in Earth Magic
  9044 | D:7      | Found a staircase to the Ecumenical Temple.
  9052 | Temple   | Entered the Ecumenical Temple
  9052 | Temple   | Found a transporter.
  9052 | Temple   | Found a transporter.
  9054 | Temple   | Found a transporter.
  9054 | Temple   | Found a transporter.
  9279 | D:7      | Reached skill level 12 in Spellcasting
  9880 | D:8      | Reached XP level 10. HP: 56/56 MP: 0/28
 10078 | D:8      | Identified the +0 scale mail of Dogmatism {rN+ MP+9 Str+4
                  | Int-2}
 10577 | D:8      | Reached skill level 13 in Spellcasting
 10824 | D:8      | Found a runed translucent door.
 10825 | D:8      | Noticed a centaur warrior
 11260 | D:8      | Found a radiant altar of Vehumet.
 11271 | D:8      | Became a worshipper of Vehumet
 11383 | D:8      | Found a runed translucent door.
 11383 | D:8      | Found a runed translucent door.
 11402 | D:8      | Killed a centaur warrior
 11635 | D:8      | Reached skill level 14 in Spellcasting
 11692 | D:8      | Reached skill level 1 in Shields
 11692 | D:8      | HP: 2/56 [komodo dragon (12)]
 11692 | D:8      | Slain by a komodo dragon

Illustrated notes

Levels and vault maps discovered:
D:1:      dpeg_arrival_circle_labyrinth_c, layout_basic,
          dreamdust_mushroom_princess
D:2:      layout_basic
D:3:      minmay_skewed_foursquare, layout_loops_ring,
          mainiacjoe_overflow_catwalk, corexii_item_surrounded_by_moat
D:4:      layout_basic, lemuel_crystal_altar
D:5:      minmay_diamond_boxcup, layout_basic, serial_corexii_hall,
          corexii_hall_statues_x, corexii_hall_statues_i
D:6:      layout_loops_ring
D:7:      layout_loops_cross, minmay_temple_entry_statues_fountains
D:8:      minmay_the_grid_triangle_9x9_rhombus_full
          [minmay_the_grid_triangle_9x9_corruption,
          minmay_the_grid_triangle_9x9_windchime,
          minmay_the_grid_triangle_9x9_pentomino_pain,
          minmay_the_grid_triangle_9x9_odd_lines,
          minmay_the_grid_triangle_9x9_minimal,
          minmay_the_grid_triangle_9x9_corrupted_corridor,
          minmay_the_grid_triangle_9x9_fully_insulated_deathbox,
          minmay_the_grid_triangle_9x9_prize_special], layout_rooms,
          mainiacjoe_overflow_paths, nicolae_elevator_lobby_plus
Temple:   hellmonk_temple_divided_pantheon

Skill      XL: |  1  2  3  4  5  6  7  8  9 10 |
---------------+-------------------------------+-----
Spellcasting   | 5 6 7 9 10 12 14 | 14.2
Armour         | 1 2 3 4 |  4.0
Fighting       | 1 2 3 4 |  4.0
Conjurations   | 2 3 4 5 7 8 |  8.2
Dodging        | 3 |  3.0
Stealth        | 3 |  3.0
Air Magic      | 1 |  1.1
Poison Magic   | 1 |  1.2
Evocations     | 1 |  1.0
Earth Magic    | 1 2 4 6 7 |  7.2
Shields        | 1 |  1.1
Summonings     | |  1.1
Translocations | |  1.1

Action                   |  1- 3 |  4- 6 |  7- 9 | 10-12 || total
-------------------------+-------+-------+-------+-------++-------
Melee: Dagger            |     2 |       |       |       ||     2
       War axe           |       |    20 |    17 |       ||    37
       Long sword        |       |       |       |    17 ||    17
 Cast: Magic Dart        |   139 |   111 |    55 |    27 ||   332
       Blink             |       |    46 |       |       ||    46
       Mephitic Cloud    |       |     5 |    10 |     5 ||    20
       Call Imp          |       |     2 |     1 |     6 ||     9
       Stone Arrow       |       |       |    94 |    49 ||   143
Evoke: Wand              |       |       |       |     3 ||     3
  Use: Potion            |       |     1 |       |       ||     1
 Stab: Confused          |       |     3 |     3 |       ||     6
       Paralysed         |       |       |       |     4 ||     4
Armor: Robe              |     4 |       |       |       ||     4
       Leather armour    |     6 |     7 |     9 |     8 ||    30
       Steam dragon scal |       |       |       |     1 ||     1
Dodge: Dodged            |    29 |    41 |    48 |    11 ||   129

Table legend: (Time is in decaauts)
 A = Elapsed time spent in this place.
 B = Non-inter-level travel time spent in this place.
 C = Inter-level travel time spent in this place.
 D = Time resting spent in this place.
 E = Time spent auto-exploring this place.
 F = Levels seen in this place.
 G = Mean time per level.
                   A        B        C        D        E       F      G
               +--------+--------+--------+--------+--------+-----+--------+
         Total |  11723 |  11423 |    300 |   1010 |   8688 |   9 | 1302.6 |
       Dungeon |  11688 |  11395 |    293 |   1010 |   8681 |   8 | 1461.0 |
        Temple |     34 |     27 |      7 |      0 |      7 |   1 |   34.0 |
               +--------+--------+--------+--------+--------+-----+--------+

Top non-repeatable levels by time:
     D:3: 1970 daAuts
     D:8: 1883 daAuts
     D:2: 1554 daAuts
     D:5: 1511 daAuts
     D:1: 1447 daAuts
     D:6: 1259 daAuts
     D:4: 1058 daAuts
     D:7: 1004 daAuts
  Temple: 34 daAuts
